 Dungeon Crawl Stone Soup version 0.29.1-2-gbd0b4ee654 (webtiles) character file.

Game seed: 14416841553846245504

2930 Rumi the Summoner (level 9, 0/30 HPs)
             Began as a Felid Summoner on Oct 31, 2022.
             Was a Believer of Hepliaklqana.
             Killed by an exploding themself (30 damage)
             ... ignited by their inner flame
             ... on level 11 of the Dungeon.
             The game lasted 01:34:00 (9148 turns).

Rumi the Summoner (Felid Summoner)                  Turns: 9148, Time: 01:34:01

Health: 0/30       AC:  2    Str: 10    XL:     9   Next: 50%
Magic:  15/23      EV: 33    Int: 21    God:    Hepliaklqana [**....]
Gold:   468        SH:  0    Dex: 16    Spells: 16/26 levels left
                                        Lives:  0   Deaths: 2

rFire   . . .      SeeInvis +     - Unarmed
rCold   . . .      Faith    .   (shield unavailable)
rNeg    . . .      Spirit   .   (body armour unavailable)
rPois   .          Reflect  .   (helmet unavailable)
rElec   .          Harm     .   (cloak unavailable)
rCorr   .          Rampage  .   (gloves unavailable)
Will    +....                   (boots unavailable)
Stlth   +++.......              I - amulet of the acrobat
HPRegen 0.10/turn               d - +6 ring of strength
MPRegen 0.18/turn               h - ring of flight

@: acrobatic, flying, quick
A: reduced essence, very small, claws 1, fangs 3, see invisible, speed 1, shaggy
fur 2, stealthy paws, no weapons or thrown items, no armour, multi-lived
a: Renounce Religion, Recall Ancestor, Ancestor Identity


You were on level 11 of the Dungeon.
You worshipped Hepliaklqana.
Hepliaklqana was pleased with you.
You visited 2 branches of the dungeon, and saw 12 of its levels.
You also visited: Sewer and Bailey.

You collected 468 gold pieces.

Inventory:

Hand Weapons
 f - a +0 whip
 E - a +5 shortbow
 G - a +2 battleaxe
Armour
 o - a +0 robe
 p - a +0 pair of gloves
Jewellery
 c - an amulet of regeneration
 d - a +6 ring of strength (left paw)
 h - a ring of flight (right paw)
 I - an amulet of the acrobat (around neck)
 J - a ring of see invisible
Wands
 s - a wand of roots (23)
 D - a wand of charming (8)
Scrolls
 a - 2 scrolls of identify
 e - a scroll of fear {unknown}
 g - a scroll of teleportation
 j - 4 scrolls of immolation {unknown}
 k - a scroll of fog
 m - a scroll of enchant weapon {unknown}
 u - 2 scrolls of enchant armour {unknown}
 w - a scroll of vulnerability {unknown}
 x - a scroll of brand weapon {unknown}
 y - 2 scrolls of amnesia {unknown}
 A - a scroll of noise {unknown}
 C - a scroll of blinking {unknown}
 F - 2 scrolls of poison {unknown}
 H - a scroll of acquirement {unknown}
Potions
 b - 2 potions of attraction {unknown}
 i - 4 potions of flight
 l - a potion of cancellation {unknown}
 n - 2 potions of resistance
 q - 2 potions of curing {unknown}
 r - 5 potions of degeneration
 t - a potion of haste
 v - a potion of might {unknown}
 z - 2 potions of lignification {unknown}
 B - a potion of ambrosia {unknown}


   Skills:
 + Level 0.3 Fighting
 + Level 4.1 Dodging
 + Level 4.5 Stealth
 + Level 1.4 Unarmed Combat
 + Level 9.0 Spellcasting
 + Level 10.0 Summonings
 + Level 0.8 Evocations


You had 16 spell levels left.
You knew the following spells:

 Your Spells              Type           Power      Damage    Failure   Level
a - Summon Small Mammal   Summ           100%       N/A       1%          1
b - Call Imp              Summ           51%        N/A       1%          2
c - Call Canine Familiar  Summ           51%        N/A       1%          3
d - Summon Guardian Gole  Hex/Summ       30%        N/A       2%          3
e - Foxfire               Conj/Fire      36%        2x1d5     7%          1

Your spell library contained the following spells:

 Spells                   Type           Power      Damage    Failure   Level
 Apportation              Tloc           18%        N/A       7%          1
 Summon Ice Beast         Ice/Summ       30%        N/A       9%          4
 Summon Lightning Spire   Summ/Air       30%        N/A       9%          4
 Conjure Flame            Conj/Fire      9%         6-21      22%         3
 Frozen Ramparts          Ice            18%        1d3       22%         3
 Inner Flame              Hex/Fire       9%         N/A       22%         3
 Flame Wave               Conj/Fire      9%         2d6       56%         4
 Ice Form                 Ice/Tmut       9%         N/A       56%         4
 Alistair's Intoxication  Tmut/Pois      6%         N/A       89%         5
 Borgnjor's Revivificati  Necr           4%         N/A       100%        8
 Necromutation            Tmut/Necr      4%         N/A       100%        8
 Death's Door             Necr           4%         N/A       100%        9


Dungeon Overview and Level Annotations

Branches:
Dungeon (11/15)            Temple (1/1) D:7           Sewer (visited)
 Bailey (visited)
   Lair: D:8-11         Orc: D:9-12

Altars:
Ashenzari
Cheibriados
Dithmenos
Elyvilon
Fedhas
Gozag
Hepliaklqana
Kikubaaqudgha
Makhleb
Nemelex Xobeh
Okawaru
Qazlal
Ru
Trog
Uskayaw
Vehumet
Wu Jian
Xom
Yredelemnul
Zin
The Shining One

Shops:
D:4 (

Annotations:
D:3 1 runed translucent door, xian's ghost, amateur TrAK
D:6 Maggie
D:9 Maurice


Innate Abilities, Weirdness & Mutations

Your life essence is reduced to manifest your ancestor. (-10% HP)
You have sharp claws.
You have razor-sharp teeth.
You have supernaturally acute eyesight. (SInv)
You cover ground quickly. (Speed+)
You are covered in thick fur. (AC +2)
Your paws help you pounce on unaware monsters.
You are incapable of wielding weapons or throwing items.
You cannot wear armour.
You gain extra lives every three experience levels.


Message History

Your Spellcasting skill increases to level 9!
Your Summonings skill increases to level 10!
You swap places.
You swap places.
You swap places.
Casting: Summon Guardian Golem (dangerous; 2% risk of failure)
Confirm with . or Enter, or press ? or * to list all spells.
Okay, then.
Casting: Summon Guardian Golem (dangerous; 2% risk of failure)
Confirm with . or Enter, or press ? or * to list all spells.
Your wolf disappears in a puff of smoke!
A slime creature comes into view.
The slime creature quivers.
Your wolf bites the slime creature.
The slime creature misses your wolf.
Your wolf bites the slime creature.
The slime creature hits your wolf!
Your wolf bites the slime creature!
The slime creature hits Preben!
Your guardian golem overheats!
Your wolf bites the slime creature. x2
Preben hits the slime creature with a +0 dagger of draining!
The slime creature hits Preben!!
Flame seeps out of your guardian golem.
Preben hits the slime creature with a +0 dagger of draining!
Your guardian golem is engulfed in blazing flames.
Flame seeps out of your guardian golem.
Your wolf bites the slime creature!
Preben casts a spell at the slime creature.
The slime creature easily resists.
Your wolf bites the slime creature.
The slime creature hits your wolf! Flame seeps out of your guardian golem.
Your guardian golem is engulfed in blazing flames.
Flame seeps out of your guardian golem.
Your wolf bites the slime creature.
Preben hits the slime creature with a +0 dagger of draining!
The slime creature dies!
Something hits your wolf!
Your guardian golem disappears in a puff of smoke!
Your guardian golem explodes!
The fiery explosion engulfs your crimson imp.
Your crimson imp completely resists.
The fiery explosion engulfs you!!
Ouch! That really hurt!
You die...

.# ##.# ... #.h
#R# #5# # #.
###°#.# #. #..@§.#
####.######.#.###
#...........#.###
........#.§.......
##.#.........#####
#...##.#.####
#.###).....#.#
#......###.#.#
###.##.#.....#


You could see the friendly Preben the hexer (sheltered), a friendly wolf
(summoned, sheltered) and a friendly crimson imp (summoned, sheltered).

Vanquished Creatures
  A phantom (D:5)
  A gnoll (D:3)
  4 adders
  3 ball pythons
  3 endoplasms
  2 giant cockroaches
  2 goblins
  A hobgoblin (D:3)
  5 kobolds
  3 bats
25 creatures vanquished.

Vanquished Creatures (collateral kills)
  2 slime creatures (D:11)
  4 yaks
  A basilisk (D:9)
  2 sky beasts
  An orc warrior (D:6)
  A black bear (D:6)
  2 ogres
  A centaur (D:7)
  2 kobold brigands (D:6)
  3 bullfrogs
  A gnoll sergeant (Bailey)
  A scorpion (D:4)
  5 wights (D:7)
  3 killer bees (D:7)
  3 howler monkeys (D:6)
  A jelly (D:4)
  4 hounds
  An orc priest (D:5)
  4 gnoll boudas
  5 iguanas
  An orc wizard (D:9)
  17 gnolls
  3 adders
  A shadow imp (D:6)
  A white imp (D:5)
  2 ufetubi
  3 worms
  9 orcs
  8 bats
  4 endoplasms (D:1)
  A giant cockroach (D:3)
  7 hobgoblins
  4 quokkas
  12 ball pythons
  3 frilled lizards
  15 goblins
  12 kobolds
  23 rats
173 creatures vanquished.

Vanquished Creatures (others)
  A hexer (D:10)
  4 ancestors
  4 fungi (D:1)
  4 plants
13 creatures vanquished.

Grand Total: 211 creatures vanquished

Notes
Turn   | Place    | Note
-------+----------+-------------------------------------------
     0 | D:1      | Rumi the Felid Summoner began the quest for the Orb.
     0 | D:1      | Reached XP level 1. HP: 7/7 MP: 4/4
   268 | D:1      | Reached XP level 2. HP: 10/11 MP: 3/6
   687 | D:1      | Found a faded altar of an unknown god.
   787 | D:1      | Reached XP level 3. HP: 14/14 MP: 3/7
  1583 | D:2      | Learned a level 2 spell: Call Imp
  1803 | D:2      | Reached XP level 4. HP: 18/18 MP: 5/9
  2887 | D:2      | Reached skill level 5 in Summonings
  3270 | D:3      | Found a glowing drain.
  3304 | D:3      | Reached XP level 5. HP: 21/21 MP: 5/10
  3323 | Sewer    | Entered a sewer
  3491 | Sewer    | HP: 1/21 [river rat (8)]
  3492 | Sewer    | Mangled by a river rat
  3493 | Sewer    | Reached XP level 4. HP: -7/18 MP: 7/10
  3507 | Sewer    | Noticed a bullfrog
  3507 | Sewer    | Noticed a bullfrog
  3684 | D:3      | Killed a bullfrog
  3685 | D:3      | Reached XP level 5. HP: 21/21 MP: 6/11
  3854 | D:3      | Found a runed translucent door.
  3858 | D:3      | Noticed xian's ghost (amateur TrAK)
  4107 | D:4      | Found Naustag's Weapon Shoppe.
  4438 | D:4      | Gained mutation: You are covered in thick fur. (AC +2)
                  | [Felid growth]
  4438 | D:4      | Reached XP level 6. HP: 24/24 MP: 11/13
  4840 | D:5      | Entered Level 5 of the Dungeon
  4927 | D:5      | Reached skill level 6 in Summonings
  5115 | D:5      | Reached skill level 1 in Unarmed Combat
  5193 | D:6      | Noticed a sky beast
  5410 | D:5      | Killed a sky beast
  5411 | D:5      | Reached skill level 5 in Spellcasting
  5411 | D:5      | Reached XP level 7. HP: 27/27 MP: 4/15
  5445 | D:5      | Killed from afar by an orc priest
  5446 | D:5      | Reached XP level 6. HP: 0/24 MP: 5/14
  5743 | D:6      | Noticed an orc warrior
  5769 | D:6      | Found a burning altar of Makhleb.
  5769 | D:6      | Found an ancient bone altar of Kikubaaqudgha.
  5769 | D:6      | Found an ornate altar of the Wu Jian Council.
  5769 | D:6      | Found a blossoming altar of Fedhas.
  5769 | D:6      | Found an opulent altar of Gozag.
  5769 | D:6      | Found a white marble altar of Elyvilon.
  5769 | D:6      | Found a hazy altar of Hepliaklqana.
  5769 | D:6      | Noticed a sky beast
  5772 | D:6      | Found a basalt altar of Yredelemnul.
  5774 | D:6      | Found a shimmering altar of Xom.
  5785 | D:6      | Found a snail-covered altar of Cheibriados.
  5789 | D:6      | Found a sparkling altar of Nemelex Xobeh.
  5791 | D:6      | Found a glowing golden altar of the Shining One.
  5793 | D:6      | Reached skill level 7 in Summonings
  5794 | D:6      | Found a glowing silver altar of Zin.
  5798 | D:6      | Became a worshipper of Hepliaklqana the Forgotten
  5828 | D:6      | Learned a level 3 spell: Call Canine Familiar
  5839 | D:6      | Killed a sky beast
  5840 | D:6      | Reached XP level 7. HP: 16/27 MP: 0/16
  6218 | D:6      | Noticed Maggie
  6268 | D:6      | Reached XP level 8. HP: 29/31 MP: 14/18
  6389 | D:7      | Found a flagged portal.
  6414 | Bailey   | Entered a bailey
  6431 | Bailey   | Reached skill level 8 in Summonings
  6953 | D:7      | Reached * piety under Hepliaklqana
  6961 | D:7      | Found a staircase to the Ecumenical Temple.
  6970 | Temple   | Entered the Ecumenical Temple
  7550 | D:7      | Reached skill level 9 in Summonings
  8357 | D:6      | Reached XP level 9. HP: 30/30 MP: 16/21
  8574 | D:8      | Found a bloodstained altar of Trog.
  8574 | D:8      | Found a stormy altar of Qazlal.
  8711 | D:9      | Noticed a kobold demonologist
  8806 | D:9      | Noticed Maurice
  8931 | D:9      | Reached ** piety under Hepliaklqana
  8932 | D:9      | Remembered your ancestor Preben as a hexer
  8946 | D:9      | Noticed a troll
  8949 | D:10     | Entered Level 10 of the Dungeon
  9012 | D:10     | You are sucked into a shaft and drop 1 floor!
  9070 | D:11     | Learned a level 3 spell: Summon Guardian Golem
  9072 | D:11     | Learned a level 1 spell: Foxfire
  9132 | D:11     | Reached skill level 10 in Summonings
  9148 | D:11     | Killed by an exploding themself... ignited by their inner
                  | flame

Illustrated notes

Levels and vault maps discovered:
D:1:      onia_arrival_handbag, layout_basic, shapermc_ecumenical_altar_gd,
          minmay_ruptured
D:2:      layout_basic, minmay_goblin_kobold_house
D:3:      layout_rooms, portal_sewer_entry_f, ebering_ghost_reflecting_pool
D:4:      layout_loops_ring, serial_shops,
          nicolae_shop_temple_entry_statues_fountains
D:5:      layout_basic
D:6:      lemuel_castle_with_subvaults [lemuel_castle_interior_carwin_3],
          layout_cave_pools, minitemple, grunt_ministairs_2, uniq_maggie
D:7:      layout_loops_corners, led_sif_book,
          minmay_temple_entry_gardened_gates, enter_bailey_5
D:8:      layout_layer_cave, chequers_temple_overflow_statue_of_worship
D:9:      layout_basic, serial_shops, nicolae_lakefront_shop, uniq_maurice
D:10:     layout_stronghold, chequers_serial_rivers_small_a, minivault_1,
          eino_curves_01, minmay_puff, uniq_erolcha, uniq_psyche
D:11:     layout_loops_ring, minmay_lair_entry_grove, uniq_grum
Temple:   nicolae_temple_two_arcs

Skill      XL: |  1  2  3  4  5  6  7  8  9 |
---------------+----------------------------+-----
Stealth        | 3 4 |  4.5
Spellcasting   | 3 4 5 6 7 9 |  9.0
Summonings     | 5 7 9 10 | 10.0
Dodging        | 3 4 |  4.1
Unarmed Combat | 1 |  1.4
Fighting       | |  0.3
Evocations     | |  0.8

Action                   |  1- 3 |  4- 6 |  7- 9 || total
-------------------------+-------+-------+-------++-------
Melee: Unarmed           |    55 |    75 |     6 ||   136
       Bite              |     3 |     9 |     2 ||    14
       Punch             |     3 |     1 |       ||     4
 Cast: Summon Small Mamm |    51 |    90 |    64 ||   205
       Call Imp          |     6 |    66 |    31 ||   103
       Call Canine Famil |       |     2 |    39 ||    41
       Summon Guardian G |       |       |     1 ||     1
Invok: Recall Ancestor   |       |       |     1 ||     1
       Ancestor Life: He |       |       |     1 ||     1
       Ancestor Identity |       |       |     1 ||     1
Evoke: Wand              |       |     3 |     6 ||     9
  Use: Scroll            |       |     8 |     3 ||    11
       Potion            |       |     5 |     4 ||     9
 Stab: Distracted        |     1 |       |       ||     1
Armor: Skin              |     6 |     9 |       ||    15
Dodge: Dodged            |    56 |   135 |    27 ||   218
